 Dungeon Crawl Stone Soup version 0.26-a0-778-g3fe0686644 (webtiles) character file.

Game seed: 13553115576248151364

61746 Demosthentine the Protected (level 15, -4/98 HPs)
             Began as a Formicid Fighter on Nov 10, 2020.
             Was the Champion of Cheibriados.
             Killed from afar by a lich (5 damage)
             ... with a bolt of fire
             ... on level 2 of the Abyss.
             The game lasted 00:20:06 (22407 turns).

Demosthentine the Protected (Formicid Fighter)     Turns: 22407, Time: 00:20:06

Health: -4/98      AC: 31    Str: 36    XL:     15   Next: 43%
Magic:  13/18      EV: 15    Int: 27    God:    Cheibriados [******]
Gold:   1418       SH: 19    Dex: 22    Spells: 14/14 levels left

rFire    + . .     SeeInvis +   r - +1 war axe (venom)
rCold    . . .     Faith    .   c - +0 kite shield
rNeg     . . .     Spirit   .   p - +8 orange crystal plate armour {Archmagi, Int+3 Clar}
rPois    .         Reflect  +   (helmet unavailable)
rElec    .         Harm     .   z - +2 cloak
rCorr    +         Rampage  .   F - +1 pair of gloves
MR       +....     Clarity  +   f - +0 pair of boots
Stlth    ..........             o - amulet of reflection
HPRegen  0.26/turn              l - ring of protection from fire
MPRegen  0.16/turn              w - ring of resist corrosion

@: very slow
A: permanent stasis, dig shafts and tunnels, four strong arms, antennae 3,
[blurry vision 2], [clumsy 2], [deformed body], [frail 2], [low mp 2], [weak 2],
[no potion heal 2], [subdued magic 2]
a: Dig, Shaft Self, Bend Time, Temporal Distortion, Slouch, Step From Time,
Renounce Religion


You were on level 2 of the Abyss.
You worshipped Cheibriados.
Cheibriados was exalted by your worship.
You visited 3 branches of the dungeon, and saw 21 of its levels.
You visited the Abyss 1 time.

You collected 1418 gold pieces.

Inventory:

Hand Weapons
 r - a +1 war axe of venom (weapon)
 L - a +3 hand axe of flaming
Armour
 c - a +0 kite shield (worn)
 f - a +0 pair of boots (worn)
 p - the +8 orange crystal plate armour (worn) {Archmagi, Int+3 Clar}
   (You found it on level 4 of the Dungeon)

   It affects your intelligence (+3).
   It protects you against confusion.
 z - a +2 cloak (worn)
 F - a +1 pair of gloves (worn)
Jewellery
 l - a ring of protection from fire (left hand)
 o - an amulet of reflection (around neck)
 w - a ring of resist corrosion (right hand)
 x - a +4 ring of protection
Wands
 b - a wand of disintegration (10)
 t - a wand of digging (4)
 v - a wand of iceblast (25)
 y - a wand of flame (27)
 B - a wand of paralysis (21)
Scrolls
 h - 10 scrolls of remove curse
 m - 4 scrolls of fear
 q - 3 scrolls of magic mapping
 A - a scroll of amnesia
 C - 2 scrolls of identify
 E - 4 scrolls of enchant weapon
 G - 4 scrolls of fog
 H - 3 scrolls of silence
Potions
 a - 3 potions of brilliance
 d - 3 potions of might
 e - 4 potions of mutation
 g - 5 potions of curing
 i - a potion of flight
 j - 2 potions of cancellation
 k - 3 potions of lignification
 n - a potion of resistance
 s - 2 potions of attraction
 u - 3 potions of invisibility


   Skills:
 + Level 13.0 Fighting
 + Level 11.8 Axes
 + Level 13.1 Armour
 + Level 10.8 Dodging
 - Level 9.0 Shields
 + Level 11.3 Invocations


You had 14 spell levels left.
You didn't know any spells.
Your spell library contained the following spells:

 Spells                   Type           Power        Failure   Level
 Beastly Appendage        Tmut           #.....       73%         1
 Sandblast                Erth           #.....       73%         1
 Passwall                 Tmut/Erth      #.......     87%         2
 Wereblood                Tmut           #.......     87%         2
 Confusing Touch          Hex            #.......     98%         3
 Gell's Gravitas          Tloc           #.........   98%         3
 Spider Form              Tmut/Pois      #.........   98%         3
 Static Discharge         Conj/Air       #.......     98%         3
 Stone Arrow              Conj/Erth      #.....       98%         3
 Ice Form                 Ice/Tmut       #.......     100%        4
 Petrify                  Tmut/Erth      #.......     100%        4
 Summon Ice Beast         Ice/Summ       #.......     100%        4
 Summon Lightning Spire   Summ/Air       #.......     100%        4
 Blade Hands              Tmut           #.........   100%        5
 Bolt of Magma            Conj/Fire/Erth #.........   100%        5
 Lee's Rapid Deconstruct  Erth           #.........   100%        5
 Lightning Bolt           Conj/Air       #.........   100%        5
 Metabolic Englaciation   Hex/Ice        #.........   100%        5
 Silence                  Hex/Air        #.........   100%        5
 Summon Mana Viper        Hex/Summ       #.......     100%        5
 Yara's Violent Unravell  Hex/Tmut       #.........   100%        5
 Conjure Ball Lightning   Conj/Air       #.........   100%        6
 Ignition                 Fire           #.........   100%        8
 Shatter                  Erth           #.........   100%        9
 Tornado                  Air            #.........   100%        9


Dungeon Overview and Level Annotations

Branches:
Dungeon (15/15)            Temple (1/1) D:6            Lair (5/6) D:9
  Swamp (0/4) Lair:3        Snake (0/4) Lair:3          Orc (0/2) D:11
 Vaults (0/5) D:13         Depths (0/5) D:15
  Slime: Lair:5-6

Altars:
Ashenzari
Cheibriados
Dithmenos
Elyvilon
Fedhas
Gozag
Hepliaklqana
Kikubaaqudgha
Makhleb
Nemelex Xobeh
Okawaru
Qazlal
Ru
Sif Muna
Trog
Uskayaw
Vehumet
Wu Jian
Xom
Yredelemnul
Zin
The Shining One

Shops:
D:7 =   D:9 }   D:10 :

Annotations:
D:4 2 runed translucent doors
Lair:5 Sonja


Innate Abilities, Weirdness & Mutations

You cannot be hasted, slowed, berserked, paralysed or teleported.
You can dig through walls and to a lower floor.
Your four strong arms can wield two-handed weapons with a shield.
You have a pair of large antennae on your head. (SInv)
[Scrolls take you longer to read.]
[You are very clumsy. (Dex -4)]
[Armour fits poorly on your strangely shaped body.]
[You are very frail. (-20% HP)]
[Your magical capacity is very low. (-20% MP)]
[You are very weak. (Str -4)]
[Potions are poor at restoring your health.]
[Your spells are easier to cast, but less powerful.]


Message History

* * * LOW HITPOINT WARNING * * *
You hit the lich.
The lich is heavily damaged.
You hit the tormentor but do no damage.
The tormentor looks as sick as possible!
You block the lich's attack. The tormentor hits you.
* * * LOW HITPOINT WARNING * * *
You writhe in agony.
* * * LOW HITPOINT WARNING * * *
You block the tormentor's attack.
Your system partially rejects the healing.
You feel better. You block the tormentor's attack.
The tormentor closely misses you. The lich touches you.
* * * LOW HITPOINT WARNING * * *
Unknown command.
You can feel time thicken for a moment.
You kill the tormentor!
You kill the ufetubus! x7
The lich points at you and mumbles some strange words.
The bolt of fire hits you. You resist.
You die...

#.. .. ## ..##
... ##... #..#
..# . ..
.##..##..# . ..
ยงยง...... . ...
53... . # #..
#L.# ..# #.
..##@.##..##
#............##
##............
#...##..##..##
##..##..##..## #
#. ..... ...###
#.
#............#.#
.#
#...##..##..##.#
..# ....
#..##..#..# #


You could see a lich (invisible), a ynoxinul and an ufetubus (summoned).

Vanquished Creatures
  Gastronok (Lair:2)
  2 tentacled starspawn (Abyss:2)
  Louise (D:15)
  Josephine (D:14)
  Fannar (Lair:3)
  A yaktaur captain (D:15)
  6 hydras
  2 boulder beetles
  2 centaur warriors
  A two-headed ogre (D:15)
  2 tengu warriors
  Nergalle (Lair:2)
  A wretched star (Abyss:2)
  An iron troll (D:13)
  A large abomination (Abyss:2)
  An unseen horror (D:15)
  Pikel (D:4)
  A deep elf mage (D:14)
  3 ugly things
  3 cyclopes
  2 worldbinders (Abyss:2)
  2 black mambas
  A black mamba (shapeshifter) (D:15)
  10 elephants
  A rust devil (Abyss:2)
  A guardian serpent (D:12)
  An orange demon (Abyss:2)
  A gargoyle (D:12)
  6 cane toads
  Psyche (D:10)
  5 komodo dragons
  5 yaktaurs (D:15)
  A kobold demonologist (D:14)
  A freezing wraith (D:14)
  An efreet (D:13)
  2 ancient zymes (Abyss:2)
  A polar bear (shapeshifter) (D:15)
  A meliai (shapeshifter) (D:15)
  A tengu conjurer (D:15)
  Prince Ribbit (D:6)
  Grinder (D:5)
  3 trolls
  6 polar bears
  A hornet (D:8)
  6 blink frogs
  3 slime creatures (D:12)
  3 raiju (Abyss:2)
  A shadow (D:14)
  3 starcursed masses (Abyss:2)
  Sigmund (D:5)
  A wyvern (Lair:4)
  24 yaks
  4 water elementals (D:13)
  4 wraiths
  4 fire bats (D:10)
  Grum (D:7)
  A steam dragon (D:12)
  2 basilisks
  5 vampire mosquitoes
  Menkaure (D:5)
  Edmund (D:5)
  2 nagas (Lair:3)
  2 wargs (D:11)
  An acid dragon (D:14)
  10 water moccasins
  A hell hound (D:10)
  3 hornet zombies
  4 ice beasts
  8 sky beasts
  2 black bears
  3 orc warriors
  An eye of draining (shapeshifter) (D:15)
  6 phantoms
  A necrophage (D:7)
  9 wolves
  4 boggarts (Lair:4)
  4 centaurs
  8 ogres
  4 big kobolds
  A big kobold (shapeshifter) (Abyss:2)
  20 bullfrogs
  4 gnoll sergeants
  A small abomination (Abyss:2)
  3 scorpions
  A water moccasin zombie (D:12)
  21 wights
  11 killer bees
  2 electric eels (Lair:1)
  2 howler monkeys
  20 hounds
  2 lava snakes (D:10)
  A bullfrog zombie (D:12)
  4 centaur zombies
  8 orc priests
  9 jellies
  A quasit (D:14)
  12 orc wizards
  3 bullfrog skeletons
  2 centaur skeletons
  2 gnoll shamans (D:7)
  Terence (D:3)
  7 iguanas
  7 worker ants
  A killer bee zombie (D:6)
  A hound zombie (D:5)
  A hound skeleton (D:4)
  A howler monkey zombie (D:10)
  A worker ant zombie (D:6)
  Robin (D:2)
  26 gnolls
  9 adders
  A shadow imp (D:5)
  3 white imps
  An ufetubus (D:7)
  6 oozes
  2 adder zombies
  4 worms
  A dart slug (D:1)
  4 leopard geckos
  42 orcs
  A ball python (D:4)
  5 giant cockroaches
  9 hobgoblins
  10 jackals
  15 kobolds
  2 quokkas
  8 bats
  2 frilled lizards
  A giant cockroach zombie (D:5)
  10 goblins
  A leopard gecko skeleton (D:5)
  A quokka skeleton (D:4)
  A quokka zombie (D:7)
  5 rats
  2 starspawn tentacles (Abyss:2)
550 creatures vanquished.

Vanquished Creatures (others)
  A fire vortex (D:10)
  12 fungi
  30 plants
  6 starspawn tentacles (Abyss:2)
49 creatures vanquished.

Grand Total: 599 creatures vanquished

Notes
Turn   | Place    | Note
-------+----------+-------------------------------------------
     0 | D:1      | Demosthentine the Formicid Fighter began the quest for the
                  | Orb.
     0 | D:1      | Reached XP level 1. HP: 18/18 MP: 1/1
   203 | D:1      | Reached XP level 2. HP: 24/24 MP: 2/2
   820 | D:2      | Reached XP level 3. HP: 12/29 MP: 3/3
  1108 | D:2      | Found a faded altar of an unknown god.
  1196 | D:2      | Noticed Robin
  1198 | D:2      | Reached skill level 1 in Dodging
  1212 | D:2      | Killed Robin
  1212 | D:2      | Reached XP level 4. HP: 11/37 MP: 4/4
  1646 | D:2      | Found an opulent altar of Gozag.
  2122 | D:3      | Noticed Terence
  2141 | D:3      | Killed Terence
  2141 | D:3      | Reached XP level 5. HP: 42/42 MP: 5/5
  2241 | D:3      | HP: 2/42 [orc priest/divine providence (10)]
  3219 | D:4      | Reached XP level 6. HP: 47/48 MP: 6/6
  3223 | D:4      | Noticed a phantom
  3270 | D:4      | Killed a phantom
  3270 | D:4      | Reached skill level 5 in Shields
  3414 | D:4      | Reached XP level 7. HP: 39/55 MP: 7/7
  3588 | D:4      | Noticed Pikel
  3611 | D:4      | Killed Pikel
  3611 | D:4      | Reached skill level 5 in Fighting
  3611 | D:4      | Reached skill level 5 in Armour
  3611 | D:4      | Reached XP level 8. HP: 52/62 MP: 8/8
  3850 | D:4      | Found a large runed translucent door.
  3853 | D:4      | Found a large runed translucent door.
  4314 | D:4      | Found a large runed translucent door.
  4314 | D:4      | Found a large runed translucent door.
  4527 | D:4      | Found the +8 orange crystal plate armour {Archmagi, Int+3
                  | Clar}
  4580 | D:4      | Got a transparent halberd
  4795 | D:5      | Entered Level 5 of the Dungeon
  4804 | D:5      | Reached skill level 5 in Axes
  4804 | D:5      | Reached XP level 9. HP: 58/69 MP: 9/9
  4997 | D:5      | You fall into a shaft and drop 2 floors!
  5496 | D:6      | Found a shadowy altar of Dithmenos.
  5572 | D:6      | Noticed Prince Ribbit
  5583 | D:6      | Killed Prince Ribbit
  5786 | D:6      | Reached skill level 5 in Dodging
  5812 | D:5      | Noticed Menkaure
  5825 | D:5      | Killed Menkaure
  5825 | D:5      | Reached XP level 10. HP: 26/79 MP: 10/10
  6129 | D:5      | Noticed Grinder
  6129 | D:5      | Noticed Edmund
  6147 | D:5      | Killed Edmund
  6155 | D:5      | Killed Grinder
  6653 | D:5      | Noticed Sigmund
  6662 | D:5      | Killed Sigmund
  6920 | D:5      | Found a shimmering blue altar of Sif Muna.
  6972 | D:5      | Identified the +6 halberd of the Spheres {vorpal, +Rage
                  | rPois MP+9 Str+3} (You found it on level 4 of the Dungeon)
  7197 | D:6      | Found a staircase to the Ecumenical Temple.
  7210 | Temple   | Entered the Ecumenical Temple
  7331 | D:6      | Found a snail-covered altar of Cheibriados.
  7354 | D:6      | Became a worshipper of Cheibriados the Contemplative
  8126 | D:7      | Reached * piety under Cheibriados
  8426 | D:7      | Reached ** piety under Cheibriados
  8633 | D:7      | Found Vouwiol's Jewellery Emporium.
  8767 | D:7      | Noticed Grum
  8775 | D:7      | Killed Grum
 10141 | D:9      | Found a staircase to the Lair.
 10186 | D:9      | Found Zemiv's Gadget Boutique.
 10269 | D:9      | Reached *** piety under Cheibriados
 10276 | D:9      | Reached XP level 11. HP: 83/87 MP: 11/11
 10277 | D:9      | Reached skill level 1 in Invocations
 11034 | D:10     | Entered Level 10 of the Dungeon
 11072 | D:10     | Found Eqoimus's Book Emporium.
 11114 | D:10     | Noticed Psyche
 11121 | D:10     | Killed Psyche
 11121 | D:10     | Reached **** piety under Cheibriados
 11547 | D:10     | Identified the Volume of Supportive Confrontation
 11936 | D:11     | Noticed a cyclops
 11951 | D:11     | Killed a cyclops
 11953 | D:11     | Reached ***** piety under Cheibriados
 12052 | D:11     | Found a staircase to the Orcish Mines.
 12236 | D:11     | Noticed a brown ugly thing
 12245 | D:11     | Killed a brown ugly thing
 12250 | D:11     | Reached XP level 12. HP: 85/96 MP: 15/15
 12363 | D:11     | Reached skill level 5 in Invocations
 12866 | D:12     | Noticed a five-headed hydra
 12879 | D:12     | Killed a 12-headed hydra
 12879 | D:12     | Reached skill level 10 in Armour
 13124 | D:12     | Reached skill level 10 in Fighting
 13791 | D:13     | Noticed a centaur warrior
 13802 | D:13     | Killed a centaur warrior
 13928 | D:13     | Noticed a five-headed hydra
 13935 | D:13     | Killed a six-headed hydra
 14042 | D:13     | Noticed a tengu warrior
 14062 | D:13     | Killed a tengu warrior
 14062 | D:13     | Reached XP level 13. HP: 80/104 MP: 18/18
 14076 | D:13     | Got an ancient scale mail
 14461 | D:13     | Found a gate to the Vaults.
 15106 | D:14     | Noticed a boulder beetle
 15129 | D:14     | Killed a boulder beetle
 15697 | D:14     | Noticed Josephine
 15728 | D:14     | HP: 1/106 [Josephine/vampiric draining (14)]
 15731 | D:14     | Killed Josephine
 15731 | D:14     | Reached skill level 10 in Axes
 15735 | D:14     | Noticed a five-headed hydra
 15742 | D:14     | Killed a one-headed hydra
 16183 | D:14     | Found a shimmering altar of Xom.
 16600 | D:14     | Got a smoking chain mail
 16620 | D:14     | Got a glimmering chain mail
 16657 | D:15     | Entered Level 15 of the Dungeon
 16697 | D:15     | Found a staircase to the Depths.
 16697 | D:15     | Noticed a yaktaur captain
 16708 | D:15     | Killed a yaktaur captain
 16744 | D:15     | Noticed a centaur warrior
 16751 | D:15     | Killed a centaur warrior
 16866 | D:15     | Found a sacrificial altar of Ru.
 17094 | D:15     | Noticed Louise
 17115 | D:15     | Killed Louise
 17381 | D:15     | Noticed a six-headed hydra
 17394 | D:15     | Killed a one-headed hydra
 17394 | D:15     | Reached XP level 14. HP: 110/113 MP: 20/20
 18107 | Lair:1   | Entered Level 1 of the Lair of Beasts
 18942 | Lair:1   | Identified the cursed +0 scale mail "Coaman" {*Contam rPois
                  | rF++ rN+} (You found it on level 13 of the Dungeon)
 18944 | Lair:1   | Identified the +0 chain mail "Guosymi" {+Blink rN+ MR++
                  | Dex-4} (You found it on level 14 of the Dungeon)
 19350 | Lair:2   | Reached skill level 10 in Dodging
 19350 | Lair:2   | Reached skill level 10 in Invocations
 19385 | Lair:2   | Noticed Gastronok
 19416 | Lair:2   | Killed Gastronok
 19639 | Lair:2   | Reached ****** piety under Cheibriados
 19722 | Lair:2   | Noticed Nergalle
 19737 | Lair:2   | Killed Nergalle
 20004 | Lair:3   | Found a staircase to the Swamp.
 20133 | Lair:3   | Noticed Fannar
 20420 | Lair:3   | Killed Fannar
 20545 | Lair:3   | Found a staircase to the Snake Pit.
 20944 | Lair:4   | Reached XP level 15. HP: 121/122 MP: 23/23
 21982 | Lair:4   | Identified the +3 chain mail of Chimes {rN+} (You found it
                  | on level 14 of the Dungeon)
 21999 | Lair:5   | Noticed Sonja
 22010 | Lair:5   | Cast into level 2 of the Abyss (Sonja)
 22206 | Abyss:2  | Noticed a tentacled starspawn
 22219 | Abyss:2  | Killed a tentacled starspawn
 22252 | Abyss:2  | Found a corrupted altar of Lugonu.
 22270 | Abyss:2  | Noticed a tentacled starspawn
 22279 | Abyss:2  | Killed a tentacled starspawn
 22371 | Abyss:2  | Found a corrupted altar of Lugonu.
 22395 | Abyss:2  | Noticed a lich
 22405 | Abyss:2  | HP: 1/98 [tormentor[a lich] (5)]
 22407 | Abyss:2  | Killed from afar by a lich

Illustrated notes

Levels and vault maps discovered:
D:1:      psy_arrival_spokes, layout_basic, minmay_crystal_water,
          palyth_stone_intersect, chequers_serial_rivers_micro_a
D:2:      layout_basic, chequers_ecumenical_altar_grove,
          nicolae_gozag_seed_capital, uniq_robin
D:3:      layout_loops_cross, uniq_terence
D:4:      layout_basic, minmay_misc_feat_plants, minmay_misc_feat_secret_circle,
          minmay_hollow_rounded_squares, uniq_pikel
D:5:      layout_layer_cave, led_sif_pool, uniq_menkaure, uniq_sigmund,
          uniq_grinder, uniq_edmund
D:6:      layout_loops_cross, cheibrodos_worm_habitat,
          minmay_temple_entry_trees, kennysheep_minor_cross,
          nicolae_dithmenos_the_darkroom, uniq_prince_ribbit1
D:7:      layout_cave_pools, serial_gnoll_camp, gnoll_camp_huts_basic,
          grums_kennel, gnoll_camp_medium_02, gnoll_camp_mini_shop,
          gnoll_camp_mini_doghouse, grunt_ministairs_1
D:8:      layout_basic, minmay_misc_feat_diagonals,
          chequers_serial_rivers_micro_a, chequers_garden,
          hangedman_little_slice_of_home
D:9:      layout_irregular_city, lair_entry_dummy, serial_shops, shop_fountains,
          serial_column_ruins, column_ruins_square_small, column_ruins_hut,
          column_ruins_columns_dead_end, column_ruins_grid_1,
          column_ruins_columns_straight, column_ruins_open_tiny,
          minmay_increasing_density
D:10:     layout_loops_ring, serial_shops, kennysheep_little_box,
          serial_bayou_pond_c, hangedman_incinerator, uniq_psyche
D:11:     layout_long_grid, erik_orc_4, small_statue_intersection
D:12:     layout_roguey, nrook_guardian_serpent_ordinary
D:13:     layout_roguey, david_vaults_4, nicolae_underground_beach
D:14:     layout_long_grid, lemuel_statue_altar, dk_noncrumbling_2,
          uniq_josephine
D:15:     grunt_enter_depths_snipers, layout_basic, lemuel_tele_altar,
          uniq_louise
Temple:   compressed_dpeg_circular_temple
Lair:1:   layout_chaotic_city, serial_bayou_shore_a
Lair:2:   layout_gridlike, lemuel_fruit_tree, uniq_gastronok, uniq_nergalle
Lair:3:   layout_misc_corridors, swamp_mist, guppyfry_snake_entry_island,
          chequers_serial_rivers_micro_d, uniq_fannar
Lair:4:   layout_regular_city, kilobyte_rumbling_trees
Lair:5:   layout_roguey, dpeg_slime_entry_enclosed_altar, uniq_sonja, uniq_snorg
Abyss:2:  base: Lair:2, minivault_23

Skill      XL: |  1  2  3  4  5  6  7  8  9 10 11 12 13 14 15 |
---------------+----------------------------------------------+-----
Shields        | 4 5 6 7 9 |  9.0
Dodging        | 1 2 3 4 5 6 7 8 9 10 | 10.8
Armour         | 4 5 6 7 8 9 10 11 12 13 | 13.1
Fighting       | 4 5 6 7 8 9 10 11 12 13 | 13.0
Axes           | 3 4 5 6 7 8 9 10 11 | 11.8
Invocations    | 4 7 9 10 11 | 11.3

Action                   |  1- 3 |  4- 6 |  7- 9 | 10-12 | 13-15 || total
-------------------------+-------+-------+-------+-------+-------++-------
Melee: War axe           |    73 |   145 |   234 |   860 |   679 ||  1991
       Hand axe          |       |       |       |       |   107 ||   107
Invok: Slouch            |       |       |       |     6 |     4 ||    10
  Use: Scroll            |     1 |    10 |     2 |    10 |    11 ||    34
       Potion            |       |       |     4 |     1 |     5 ||    10
 Stab: Distracted        |       |       |       |       |     1 ||     1
Armor: Scale mail        |    34 |    55 |    94 |    58 |       ||   241
       Crystal plate arm |       |       |       |   248 |   360 ||   608
Dodge: Dodged            |    29 |    28 |   113 |   324 |   375 ||   869
Block: Kite shield       |    51 |    73 |   203 |   904 |   803 ||  2034
       Reflection        |       |       |     2 |    30 |    24 ||    56

Table legend: (Time is in decaauts)
 A = Elapsed time spent in this place.
 B = Non-inter-level travel time spent in this place.
 C = Inter-level travel time spent in this place.
 D = Time resting spent in this place.
 E = Time spent auto-exploring this place.
 F = Levels seen in this place.
 G = Mean time per level.
                   A        B        C        D        E       F      G
               +--------+--------+--------+--------+--------+-----+--------+
         Total |  29455 |  27794 |   1661 |   3234 |  20137 |  22 | 1338.9 |
       Dungeon |  22752 |  21169 |   1583 |   2934 |  14795 |  15 | 1516.8 |
        Temple |    105 |    105 |      0 |      0 |     90 |   1 |  105.0 |
          Lair |   6145 |   6068 |     77 |    265 |   5005 |   5 | 1229.0 |
         Abyss |    452 |    452 |      0 |     35 |    247 |   1 |  452.0 |
               +--------+--------+--------+--------+--------+-----+--------+

Top non-repeatable levels by time:
  Lair:4: 2166 daAuts
     D:7: 2075 daAuts
    D:15: 2047 daAuts
    D:13: 1998 daAuts
    D:14: 1853 daAuts
     D:4: 1712 daAuts
     D:8: 1657 daAuts
     D:2: 1610 daAuts
     D:5: 1528 daAuts
  Lair:2: 1518 daAuts
  Lair:1: 1494 daAuts
    D:11: 1488 daAuts
     D:9: 1431 daAuts
    D:12: 1394 daAuts
    D:10: 1308 daAuts
